 Dungeon Crawl Stone Soup version 0.19-a0-1532-g228a5d9 (webtiles) character file.

7545 Leszczynek the Basher (level 11, -2/115 HPs)
             Began as an Ogre Necromancer on Sept 13, 2016.
             Was a Believer of the Shining One.
             Slain by a killer bee (5 damage)
             ... on level 10 of the Dungeon.
             The game lasted 00:43:47 (7709 turns).

Leszczynek the Basher (Ogre Necromancer)            Turns: 7709, Time: 00:43:48

Health: -2/115     AC:  6    Str: 15 (16) XL:     11   Next: 16%
Magic:  0/26       EV: 12    Int: 12 (14) God:    the Shining One [**....]
Gold:   363        SH:  8    Dex: 11 (14) Spells: 2 memorised, 12 levels left

rFire  + + .     SeeInvis .     a - +0 giant club
rCold  + . .     Gourm    .     i - +0 robe
rNeg   + . .     Faith    .     (shield currently unavailable)
rPois  +         Spirit   +     (helmet restricted)
rElec  +         Dismiss  .     k - +0 cloak
rCorr  +         Reflect  .     (gloves unavailable)
MR     ++...     Harm     .     (boots unavailable)
Stlth  +......... Rnd*Rage +    y - amulet of guardian spirit
                                h - ring of magical power
                                e - ring of resist corrosion (curse)

@: divine shield, resistant, glowing
A: unfitting armour, hooves 1, yellow scales 1, agile 1, berserk 1,
deterioration 1, fire resistance 1, magic resistance 1, sense surroundings 1,
screaming 1, tough skin 1, wild magic 1
a: Divine Shield, Renounce Religion


You were on level 10 of the Dungeon.
You worshipped the Shining One.
The Shining One was pleased with you.
You were hungry.

You visited 2 branches of the dungeon, and saw 12 of its levels.
You also visited: Sewer.

You collected 363 gold pieces.

Inventory:

Hand Weapons
 a - a +0 giant club (weapon)
 r - a +1 flail
 u - a +0 dire flail
Missiles
 s - 2 tomahawks of returning (quivered)
 E - 4 tomahawks
Armour
 i - a +0 robe (worn)
 k - a +0 cloak (worn)
Jewellery
 e - a cursed ring of resist corrosion (left hand)
 h - a ring of magical power (right hand)
 y - an amulet of guardian spirit (around neck)
Wands
 b - a wand of acid (0/15)
 c - a wand of flame (7/48)
 G - a wand of flame (25/48)
Scrolls
 j - 3 scrolls of remove curse
 n - a scroll of summoning {unknown}
 t - a scroll of torment {unknown}
 v - a scroll of identify
 x - a scroll of magic mapping {unknown}
 C - a scroll of fear {unknown}
 D - a scroll of fog {unknown}
 F - a scroll of enchant armour {unknown}
 H - a scroll of recharging {unknown}
Potions
 w - 2 potions of might
 z - 4 potions of magic
 A - 3 potions of brilliance
 B - a potion of haste {unknown}
Books
 g - a book of the Warp

   Spells                             Type                      Level
   a - Gell's Gravitas                Hexes/Translocation          3
   b - Force Lance                    Conjuration/Translocation    4
   c - Summon Forest                  Summoning/Translocation      5
   d - Dispersal                      Translocation                6
   e - Controlled Blink               Translocation                8
   f - Disjunction                    Translocation                8
Comestibles
 d - 5 bread rations
 l - 2 chunks of flesh
 o - 2 meat rations
 p - 10 royal jellies


   Skills:
 - Level 9.3 Fighting
 + Level 14.8 Maces & Flails
 - Level 5.4 Dodging
 - Level 1.5 Stealth
 - Level 2.4 Spellcasting
 - Level 2.9 Necromancy
 - Level 8.2 Invocations


You had 12 spell levels left.
You knew the following spells:

 Your Spells              Type           Power        Failure   Level  Hunger
a - Apportation           Tloc           #.........   36%         1    ##.....
b - Animate Skeleton      Necr           N/A          14%         1    ##.....


Dungeon Overview and Level Annotations

Branches:
Dungeon (11/15)            Temple (1/1) D:7            Lair (0/6) D:9
    Orc: D:9-12

Altars:
Ashenzari
Cheibriados
Elyvilon
Fedhas
Gozag
Kikubaaqudgha
Makhleb
Nemelex Xobeh
Qazlal
Ru
Sif Muna
Trog
Uskayaw
Vehumet
Xom
Yredelemnul
Zin
The Shining One

Shops:
D:10 :[}!

Portals:
Trove: D:10 (give +6 demon blade)

Annotations:
D:3 ReniFell's ghost, amateur HOFi
D:9 mini vault to the right maybe?, Erolcha
D:10 trove: +6 demon blade, Slobodan's ghost, journeyman MfIE
D:11 open layout maybe


Innate Abilities, Weirdness & Mutations

You are too large for most types of armour.
You have tough skin. (AC +1)
You have large cloven feet.
You are partially covered in yellow scales. (AC +2)
You are agile. (Dex +2)
You tend to lose your temper in combat.
Your body sometimes deteriorates upon taking damage.
Your flesh is heat resistant. (rF+)
You are resistant to hostile enchantments. (MR+)
You passively map a small area around you.
You occasionally shout uncontrollably at your foes.
Your spells are a little harder to cast, but a little more powerful.


Message History

You feel protected.
You feel sick. The killer bee barely misses you. The killer bee stings you.
* * * LOW HITPOINT WARNING * * *
The killer bee stings you.
* * * LOW HITPOINT WARNING * * *
The killer bee closely misses you.
Unknown command.
Unknown command.
You feel better.
The killer bee stings you but does no damage.
You block the killer bee's attack.
The killer bee stings you but does no damage.
The killer bee stings you!
* * * LOW HITPOINT WARNING * * *
Unknown command.
It was a potion of degeneration.
There was something very wrong with that liquid.
You feel weakened.
You feel dopey.
You feel clumsy. You block the killer bee's attack. The killer bee stings you.
You die...

#≈..♣..≈#..#####..
#≈≈...≈≈##........
###...###.Y#######
######## #.#.###..##
#...... #...###.W#
#.....#, .......∩Y#
#.....# #######..#
###.....###########.#
#.........y@yYWY..#.##
#.#.....#.######.....#
#.......#....# #..#..#
#.###)###.##.###..#..####
* #,*#..#
#.##............ ,
...###......##..#..### *
###. #.............## #.
[......###......# ##
##.##### ###...## *


You could see 2 ice beasts, 2 killer bees and Slobodan's ghost.

Vanquished Creatures
  A hill giant (D:10)
  A wizard (D:9)
  A troll (D:10)
  Sigmund (D:6)
  A basilisk (D:9)
  8 yaks (D:9)
  A hippogriff (D:9)
  A hungry ghost (D:7)
  4 porcupines (D:9)
  3 ice beasts
  3 orc warriors
  3 sky beasts
  A necrophage (D:9)
  3 phantoms
  A black bear (D:9)
  A wasp (D:8)
  3 centaurs
  3 crocodiles (D:9)
  3 big kobolds
  A wyvern zombie (D:10)
  5 scorpions
  7 killer bees
  3 wights (D:9)
  3 howler monkeys (D:9)
  A giant frog zombie (D:9)
  4 crimson imps
  8 hounds
  6 jellies
  A wasp zombie (D:5)
  2 orc priests
  3 giant frog skeletons
  3 iguanas
  5 orc wizards
  5 worker ants
  A worker ant zombie (D:5)
  3 gnolls (D:4)
  7 adders
  4 river rats
  5 oozes (D:9)
  A worm (D:4)
  3 adder skeletons
  A giant gecko (D:7)
  26 orcs
  5 ball pythons
  3 giant cockroaches
  2 goblins (D:1)
  5 hobgoblins
  5 jackals
  3 quokkas
  2 bats
  A giant gecko skeleton (D:5)
  6 giant newts
  17 kobolds
  A quokka skeleton (D:4)
  10 rats
211 creatures vanquished.

Vanquished Creatures (collateral kills)
  An orc wizard (D:6)
  An iguana (D:4)
  A worker ant (D:4)
  A gnoll (D:4)
  An adder (D:6)
  2 giant geckos
  A goblin (D:1)
  A kobold (D:1)
  A giant newt (D:4)
  2 rats (D:6)
12 creatures vanquished.

Vanquished Creatures (others)
  A quokka (D:10)
  A bush (D:9)
  A fungus (D:9)
  10 plants (D:9)
13 creatures vanquished.

Grand Total: 236 creatures vanquished

Notes
Turn   | Place    | Note
-------+----------+-------------------------------------------
     0 | D:1      | Leszczynek the Ogre Necromancer began the quest for the Orb.
     0 | D:1      | Reached XP level 1. HP: 16/16 MP: 3/3
     2 | D:1      | Learned a level 1 spell: Animate Skeleton
   102 | D:1      | Reached skill level 1 in Fighting
   158 | D:1      | Reached skill level 1 in Maces & Flails
   199 | D:1      | Reached XP level 2. HP: 20/27 MP: 3/5
   251 | D:1      | Reached skill level 2 in Maces & Flails
   378 | D:2      | Found a shimmering altar of Xom.
   388 | D:2      | Reached skill level 3 in Maces & Flails
   544 | D:2      | Reached XP level 3. HP: 28/33 MP: 4/6
   884 | D:3      | Noticed ReniFell's ghost (amateur HOFi)
  1041 | D:4      | Reached skill level 4 in Maces & Flails
  1041 | D:4      | Reached XP level 4. HP: 35/41 MP: 4/7
  1220 | D:4      | Got a crude hand crossbow
  1221 | D:4      | Identified the +5 hand crossbow of the Puffball {venom, *Drain MR+ Str+6 Stlth+} (You found it on level 4 of the Dungeon)
  1259 | D:4      | Gained mutation: You are partially covered in yellow scales. (AC +2) [potion of mutation]
  1259 | D:4      | Gained mutation: Your body sometimes deteriorates upon taking damage. [potion of mutation]
  1269 | D:4      | Reached skill level 5 in Maces & Flails
  1335 | D:4      | Reached XP level 5. HP: 24/48 MP: 8/8
  1338 | D:4      | Reached skill level 6 in Maces & Flails
  1538 | D:4      | Reached skill level 7 in Maces & Flails
  1592 | D:4      | Reached XP level 6. HP: 27/55 MP: 9/9
  1834 | D:5      | Entered Level 5 of the Dungeon
  1982 | D:5      | Noticed an orc warrior
  2020 | D:5      | Learned a level 3 spell: Regeneration
  2090 | D:5      | Reached skill level 8 in Maces & Flails
  2336 | D:4      | Noticed a phantom
  2442 | D:5      | Reached skill level 2 in Dodging
  2476 | D:6      | Noticed a sky beast
  2523 | D:5      | Killed a sky beast
  2523 | D:5      | Reached skill level 2 in Fighting
  2523 | D:5      | Reached XP level 7. HP: 37/65 MP: 10/10
  2531 | D:5      | Gained mutation: You have large cloven feet. [mutagenic meat]
  2534 | D:5      | Gained mutation: You are resistant to hostile enchantments. (MR+) [mutagenic meat]
  2540 | D:5      | Gained mutation: You tend to lose your temper in combat. [mutagenic meat]
  2666 | D:6      | Noticed Sigmund
  2677 | D:6      | Killed Sigmund
  2677 | D:6      | Reached skill level 3 in Fighting
  2677 | D:6      | Reached skill level 9 in Maces & Flails
  2882 | D:6      | Found a glowing drain.
  2912 | Sewer    | Entered a sewer
  2951 | Sewer    | Reached skill level 4 in Fighting
  3375 | D:6      | Reached skill level 3 in Dodging
  3375 | D:6      | Reached XP level 8. HP: 65/78 MP: 11/11
  3531 | D:7      | Reached skill level 10 in Maces & Flails
  3620 | D:7      | Found a staircase to the Ecumenical Temple.
  3629 | Temple   | Entered the Ecumenical Temple
  3641 | Temple   | Became a worshipper of the Shining One
  3866 | D:5      | Reached skill level 5 in Fighting
  4287 | D:5      | Reached skill level 11 in Maces & Flails
  4287 | D:5      | Reached skill level 4 in Dodging
  4486 | D:7      | Reached skill level 6 in Fighting
  4519 | D:7      | Reached XP level 9. HP: 43/89 MP: 6/12
  4531 | D:7      | HP: 8/89 [poisoned by a killer bee]
  4536 | D:7      | HP: 5/89 [poisoned by a killer bee]
  4541 | D:7      | HP: 3/89 [poisoned by a killer bee]
  4546 | D:7      | HP: 2/89 [poisoned by a killer bee]
  4551 | D:7      | HP: 1/89 [poisoned by a killer bee]
  4557 | D:7      | HP: 1/89 [poisoned by a killer bee]
  5049 | D:8      | Reached skill level 12 in Maces & Flails
  5117 | D:8      | Paralysed by a wasp for 1 turns
  5120 | D:8      | Reached skill level 7 in Fighting
  5272 | D:9      | Reached skill level 5 in Dodging
  5366 | D:9      | Reached * piety under the Shining One
  5386 | D:9      | Noticed Erolcha
  5670 | D:9      | Reached skill level 13 in Maces & Flails
  5675 | D:9      | Reached skill level 8 in Fighting
  6004 | D:9      | Reached XP level 10. HP: 89/105 MP: 13/13
  6066 | D:9      | Found a staircase to the Lair.
  6090 | D:9      | Reached skill level 14 in Maces & Flails
  6133 | D:9      | Reached skill level 9 in Fighting
  6254 | D:9      | Reached ** piety under the Shining One
  6303 | D:9      | Reached skill level 1 in Invocations
  6337 | D:9      | Reached skill level 2 in Invocations
  6346 | D:9      | Reached skill level 3 in Invocations
  6354 | D:9      | Reached skill level 4 in Invocations
  6360 | D:9      | Reached skill level 5 in Invocations
  6610 | D:9      | Reached skill level 6 in Invocations
  6628 | D:9      | Noticed a wizard
  6642 | D:9      | Killed a wizard
  6642 | D:9      | Reached skill level 7 in Invocations
  6668 | D:9      | Learned a level 1 spell: Apportation
  6752 | D:10     | Entered Level 10 of the Dungeon
  6791 | D:10     | Noticed a hill giant
  6806 | D:10     | Killed a hill giant
  6806 | D:10     | Reached skill level 8 in Invocations
  6806 | D:10     | Reached XP level 11. HP: 92/115 MP: 17/17
  7007 | D:11     | Noticed a skeletal warrior
  7153 | D:10     | Found Lorhur's Gadget Shoppe.
  7154 | D:10     | Noticed Slobodan's ghost (journeyman MfIE)
  7185 | D:10     | Found Osodaur's Distillery.
  7321 | D:10     | Found a portal to a secret trove of treasure.
  7329 | D:10     | trove: +6 demon blade
  7420 | D:10     | Gained mutation: You are agile. (Dex +2) [mutagenic meat]
  7423 | D:10     | Gained mutation: You occasionally shout uncontrollably at your foes. [mutagenic meat]
  7426 | D:10     | Gained mutation: You passively map a small area around you. [mutagenic meat]
  7432 | D:10     | Gained mutation: Your flesh is heat resistant. (rF+) [mutagenic meat]
  7435 | D:10     | Gained mutation: Your spells are a little harder to cast, but a little more powerful. [mutagenic meat]
  7607 | D:10     | Found Neliott's Armour Emporium.
  7614 | D:10     | Found a white marble altar of Elyvilon.
  7640 | D:10     | Found Pidd's Book Boutique.
  7691 | D:11     | Noticed a four-headed hydra
  7692 | D:11     | ?
  7692 | D:11     | oh nice
  7692 | D:11     | double key press
  7692 | D:11     | i'm dead now
  7706 | D:10     | HP: 11/115 [killer bee (5)]
  7707 | D:10     | HP: 5/115 [killer bee (5)]
  7707 | D:10     | HP: 1/115 [killer bee (4)]
  7709 | D:10     | Slain by a killer bee

Vault maps used:
D:1:      lightli_arrival_farm, minmay_misc_feat_five
D:2:      dk_xom_monty_hall
D:4:      first_bread
D:6:      portal_sewer_entry_e, uniq_sigmund
D:8:      uniq_erica
D:9:      minmay_lair_entry_grove, hangedman_little_slice_of_home,
          lightli_wizard_tower, uniq_erolcha
D:10:     serial_shops, shop, nicolae_shop_waterfront, shop_statue, shop, shop,
          nicolae_trove_entry_crystal, st_stairs_1, minivault_16,
          grunt_decor_mini_mirrors, minmay_crystal_room, minmay_strange_pillars,
          roderic_serpentine_path, elyvilon_altar_4
Temple:   dpeg_three_leaves_temple
Sewer:    sewer_co_scattered_pipes

Skill      XL: |  1  2  3  4  5  6  7  8  9 10 |
---------------+-------------------------------+-----
Fighting       | 1 2 4 6 8 9 |  9.3
Maces & Flails | 1 3 4 5 7 8 9 11 13 14 | 14.8
Dodging        | 2 3 4 5 |  5.4
Invocations    | 8 |  8.2
Stealth        | |  1.5
Spellcasting   | |  2.4
Necromancy     | |  2.9

Action                   |  1- 3 |  4- 6 |  7- 9 | 10-12 || total
-------------------------+-------+-------+-------+-------++-------
Melee: Mace              |    23 |   116 |       |       ||   139
       Flail             |       |    46 |   427 |       ||   473
       Whip              |       |     6 |       |       ||     6
       Kick              |       |       |    99 |    62 ||   161
       Dire flail        |       |       |    20 |   141 ||   161
       Giant club        |       |       |       |    81 ||    81
Throw: Tomahawk          |       |       |     9 |       ||     9
 Cast: Pain              |    40 |     3 |     2 |       ||    45
       Animate Skeleton  |     7 |    13 |    12 |       ||    32
Invok: Divine Shield     |       |       |       |     5 ||     5
Evoke: Wand              |       |       |     5 |     4 ||     9
  Use: Scroll            |     1 |       |    10 |     2 ||    13
       Potion            |       |     4 |     3 |     5 ||    12
 Stab: Distracted        |     1 |       |       |       ||     1
       Invisible         |       |       |     1 |       ||     1
  Eat: Chunk             |     2 |     6 |    15 |    12 ||    35
       Fruit             |       |       |     2 |       ||     2
       Pizza             |       |       |     1 |     1 ||     2
       Bread ration      |       |       |     1 |       ||     1
       Royal jelly       |       |       |     1 |       ||     1
Armor: Robe              |     9 |    60 |   130 |    40 ||   239
Dodge: Dodged            |    16 |    76 |   215 |   108 ||   415
Block: Other             |       |       |       |    30 ||    30
